[ AOE2 MATCH · #506552054 ]
UnrankedHindustanis vs Mapuche
Rival team · WIN
[ REPLAY ANALYSIS · EXTRACTED FROM THE RECORDED GAME ]
Feudal
12:18
Castle
18:15
Imperial
—
| APM avg | 65.9 |
| APM peak | 132 |
| eAPM avg | 31.6 |
| Villagers / military | 117 / 51 |
Focus
⚔️ 29.8% · 🌾 70.2%
Camel Scout ×40 · Monk ×8 · Militia ×3
Feudal
11:01
Castle
14:59
Imperial
—
| APM avg | 59.3 |
| APM peak | 83 |
| eAPM avg | 25.4 |
| Villagers / military | 71 / 48 |
Focus
⚔️ 28.1% · 🌾 71.9%
Kona ×29 · Monk ×10 · Battering Ram ×9
Match map
Initial resources + every placement click. Lines = walls · curves = elevation contours. ◆ gold · ⬟ stone · ● berries · ✦ relic · ◌ wall gap
Your base· ✓ Closed at 18:15 · 56t walls · 1 gate(s)
p4rtY3oY's base· Open — unwalled flank
Smoothed initial terrain · ◌ = detected wall gap · hover for details
Inputs per minute
— Gil-galad - - p4rtY3oY
Build order — Gil-galad
First 150 of 270 actions detected
| 0:00 | Create | Villager (Male) |
| 0:00 | Create | Villager (Male) |
| 0:01 | Create | Villager (Male) |
| 0:01 | Create | Villager (Male) |
| 0:02 | Build | House |
| 0:03 | Build | House |
| 1:08 | Create | Villager (Male) |
| 1:08 | Create | Villager (Male) |
| 1:28 | Create | Villager (Male) |
| 1:28 | Create | Villager (Male) |
| 1:30 | Build | Lumber Camp |
| 2:31 | Create | Villager (Male) |
| 2:32 | Create | Villager (Male) |
| 2:53 | Create | Villager (Male) |
| 2:54 | Create | Villager (Male) |
| 2:54 | Create | Villager (Male) |
| 3:26 | Build | House |
| 3:37 | Create | Villager (Male) |
| 3:37 | Create | Villager (Male) |
| 3:38 | Create | Villager (Male) |
| 4:10 | Build | Barracks |
| 4:15 | Create | Villager (Male) |
| 4:29 | Create | Villager (Male) |
| 4:30 | Create | Villager (Male) |
| 4:38 | Build | House |
| 4:43 | Create | Villager (Male) |
| 4:54 | Create | Villager (Male) |
| 4:55 | Create | Villager (Male) |
| 5:17 | Create | Militia |
| 5:17 | Create | Militia |
| 5:31 | Create | Militia |
| 5:45 | Create | Villager (Male) |
| 5:53 | Build | Mill |
| 6:30 | Create | Villager (Male) |
| 6:30 | Create | Villager (Male) |
| 6:49 | Build | House |
| 7:03 | Create | Villager (Male) |
| 7:09 | Build | Farm |
| 7:27 | Build | Palisade Wall |
| 7:33 | Create | Villager (Male) |
| 7:35 | Build | Palisade Wall |
| 7:52 | Build | Palisade Wall |
| 8:23 | Research | Loom |
| 8:31 | Create | Villager (Male) |
| 8:40 | Build | Lumber Camp |
| 8:44 | Build | Palisade Wall |
| 8:59 | Create | Villager (Male) |
| 9:02 | Build | Palisade Wall |
| 9:18 | Create | Villager (Male) |
| 9:21 | Build | Palisade Gate |
| 9:21 | Build | Palisade Wall |
| 9:25 | Create | Villager (Male) |
| 9:30 | Build | Palisade Wall |
| 9:47 | Build | Palisade Wall |
| 9:49 | Build | Palisade Wall |
| 9:58 | Build | House |
| 10:03 | Build | Palisade Wall |
| 10:04 | Build | Palisade Wall |
| 10:08 | Research | Feudal Age |
| 10:14 | Build | House |
| 10:43 | Create | Villager (Male) |
| 11:01 | Build | Farm |
| 11:07 | Build | Palisade Wall |
| 11:08 | Build | Palisade Wall |
| 11:09 | Build | Palisade Wall |
| 11:10 | Build | Palisade Wall |
| 11:22 | Build | Farm |
| 11:32 | Create | Villager (Male) |
| 12:03 | Build | Mining Camp |
| 12:18 | Age | Feudal Age |
| 12:33 | Create | Villager (Male) |
| 12:49 | Create | Villager (Male) |
| 12:51 | Build | Mining Camp |
| 13:29 | Create | Villager (Male) |
| 13:31 | Build | Blacksmith |
| 13:59 | Build | Farm |
| 14:04 | Build | Farm |
| 14:17 | Create | Villager (Male) |
| 14:45 | Build | Market |
| 14:50 | Create | Villager (Male) |
| 14:54 | Build | House |
| 15:19 | Build | Watch Tower |
| 15:25 | Build | House |
| 15:27 | Research | Castle Age |
| 15:27 | Research | Castle Age |
| 15:41 | Build | House |
| 15:49 | Build | Watch Tower |
| 15:55 | Build | House |
| 16:05 | Build | Farm |
| 16:06 | Build | Farm |
| 16:51 | Research | Horse Collar |
| 16:54 | Research | Double-Bit Axe |
| 16:56 | Build | Farm |
| 17:04 | Build | Farm |
| 17:29 | Create | Villager (Male) |
| 17:45 | Build | Stable |
| 18:15 | Age | Castle Age |
| 18:25 | Build | Monastery |
| 18:37 | Create | Villager (Male) |
| 18:39 | Build | Farm |
| 18:41 | Create | Camel Scout |
| 18:51 | Create | Villager (Male) |
| 19:03 | Create | Camel Scout |
| 19:09 | Create | Monk |
| 19:11 | Create | Villager (Male) |
| 19:24 | Build | Town Center |
| 19:30 | Create | Villager (Male) |
| 19:37 | Create | Monk |
| 19:38 | Create | Villager (Male) |
| 19:44 | Create | Camel Scout |
| 19:44 | Create | Camel Scout |
| 19:44 | Create | Camel Scout |
| 19:46 | Build | Farm |
| 19:47 | Build | Farm |
| 19:49 | Build | Farm |
| 19:51 | Create | Villager (Male) |
| 20:05 | Build | Palisade Wall |
| 20:12 | Create | Villager (Male) |
| 20:18 | Create | Monk |
| 20:22 | Create | Camel Scout |
| 20:22 | Create | Camel Scout |
| 20:23 | Create | Camel Scout |
| 20:49 | Create | Villager (Male) |
| 20:51 | Build | Farm |
| 20:51 | Build | Farm |
| 20:53 | Create | Camel Scout |
| 20:53 | Create | Camel Scout |
| 20:59 | Build | Farm |
| 21:00 | Build | Farm |
| 21:00 | Build | Farm |
| 21:06 | Build | House |
| 21:08 | Build | House |
| 21:14 | Build | Palisade Gate |
| 21:17 | Create | Villager (Male) |
| 21:34 | Create | Villager (Male) |
| 21:38 | Create | Villager (Male) |
| 21:59 | Create | Villager (Male) |
| 22:04 | Create | Monk |
| 22:11 | Create | Villager (Male) |
| 22:19 | Create | Villager (Male) |
| 22:24 | Build | Town Center |
| 22:35 | Create | Villager (Male) |
| 22:43 | Build | Farm |
| 22:45 | Build | Farm |
| 22:47 | Build | Farm |
| 22:47 | Create | Villager (Male) |
| 23:05 | Create | Villager (Male) |
| 23:12 | Create | Villager (Male) |
| 23:15 | Build | Farm |
| 23:15 | Create | Villager (Male) |
Build order — p4rtY3oY
First 150 of 189 actions detected
| 0:00 | Create | Villager (Male) ×4 |
| 0:02 | Build | House |
| 0:03 | Build | House |
| 1:37 | Create | Villager (Male) |
| 2:02 | Create | Villager (Male) |
| 2:03 | Create | Villager (Male) |
| 2:13 | Create | Villager (Male) |
| 2:46 | Create | Villager (Male) |
| 2:47 | Create | Villager (Male) |
| 2:59 | Create | Villager (Male) |
| 3:35 | Build | Settlement |
| 3:48 | Create | Villager (Male) |
| 3:48 | Create | Villager (Male) |
| 4:06 | Create | Villager (Male) |
| 4:06 | Create | Villager (Male) |
| 4:39 | Build | House |
| 4:57 | Create | Villager (Male) |
| 4:58 | Create | Villager (Male) |
| 5:04 | Create | Villager (Male) |
| 5:43 | Build | House |
| 5:54 | Research | Loom |
| 6:04 | Create | Villager (Male) |
| 6:04 | Create | Villager (Male) |
| 6:07 | Create | Villager (Male) |
| 6:07 | Create | Villager (Male) |
| 6:25 | Build | Settlement |
| 6:53 | Build | Palisade Wall |
| 7:06 | Create | Villager (Male) |
| 7:06 | Create | Villager (Male) |
| 7:54 | Build | Palisade Wall |
| 8:08 | Build | Palisade Wall |
| 8:12 | Build | Palisade Wall |
| 8:17 | Build | Palisade Wall |
| 8:25 | Build | Palisade Wall |
| 8:26 | Create | Villager (Male) |
| 8:32 | Create | Villager (Male) |
| 8:43 | Create | Villager (Male) |
| 8:48 | Create | Villager (Male) |
| 8:51 | Research | Feudal Age |
| 8:53 | Build | Palisade Wall |
| 9:57 | Create | Villager (Male) |
| 11:01 | Age | Feudal Age |
| 11:17 | Build | Market |
| 11:23 | Build | Blacksmith |
| 11:25 | Create | Villager (Male) |
| 11:49 | Build | Palisade Gate |
| 12:19 | Research | Castle Age |
| 12:54 | Research | Double-Bit Axe |
| 13:06 | Build | Palisade Gate |
| 13:14 | Build | Palisade Gate |
| 13:37 | Research | Horse Collar |
| 13:59 | Build | Farm |
| 14:01 | Build | Farm |
| 14:03 | Build | Farm |
| 14:24 | Create | Villager (Male) |
| 14:34 | Build | Farm |
| 14:38 | Create | Villager (Male) |
| 14:59 | Age | Castle Age |
| 15:01 | Build | Castle |
| 15:03 | Create | Villager (Male) |
| 15:43 | Build | Farm |
| 15:50 | Create | Villager (Male) |
| 15:59 | Create | Kona |
| 15:59 | Create | Kona |
| 16:07 | Build | Farm |
| 16:27 | Create | Kona |
| 16:27 | Create | Kona |
| 16:39 | Build | Settlement |
| 17:19 | Create | Kona |
| 17:19 | Create | Kona |
| 17:20 | Create | Villager (Male) |
| 17:25 | Build | Farm |
| 17:38 | Create | Kona |
| 17:45 | Create | Villager (Male) |
| 17:48 | Build | Farm |
| 18:00 | Create | Kona |
| 18:39 | Build | Monastery |
| 18:40 | Create | Kona |
| 18:40 | Create | Kona |
| 18:47 | Build | Farm |
| 19:09 | Create | Kona |
| 19:21 | Build | Settlement |
| 19:24 | Create | Villager (Male) |
| 19:42 | Create | Monk |
| 19:52 | Create | Villager (Male) |
| 19:57 | Build | Siege Workshop |
| 20:03 | Create | Villager (Male) |
| 20:12 | Build | Farm |
| 20:40 | Create | Monk |
| 20:47 | Create | Villager (Male) |
| 20:54 | Create | Battering Ram |
| 20:56 | Create | Villager (Male) |
| 21:04 | Build | House |
| 21:15 | Build | Farm |
| 21:26 | Research | Forging |
| 21:37 | Create | Monk |
| 21:39 | Create | Monk |
| 21:46 | Create | Villager (Male) |
| 21:48 | Build | Farm |
| 21:52 | Build | Farm |
| 22:12 | Create | Battering Ram |
| 22:20 | Build | House |
| 22:21 | Create | Villager (Male) |
| 22:43 | Research | Sanctity |
| 22:46 | Create | Villager (Male) |
| 23:00 | Research | Fervor |
| 23:01 | Create | Monk |
| 23:02 | Build | House |
| 23:08 | Create | Villager (Male) |
| 23:09 | Create | Kona |
| 23:11 | Build | Farm |
| 23:26 | Create | Battering Ram |
| 23:27 | Create | Villager (Male) |
| 23:32 | Create | Kona |
| 23:32 | Create | Kona |
| 23:38 | Build | Outpost |
| 23:41 | Build | House |
| 23:56 | Create | Kona |
| 24:12 | Create | Kona |
| 24:12 | Create | Villager (Male) |
| 24:28 | Research | Sanctity |
| 24:41 | Create | Villager (Male) |
| 24:42 | Create | Battering Ram |
| 24:50 | Build | Outpost |
| 24:56 | Create | Villager (Male) |
| 24:57 | Build | Farm |
| 25:01 | Research | Bow Saw |
| 25:24 | Build | Stone Wall |
| 25:32 | Create | Kona |
| 25:35 | Research | Devotion |
| 25:56 | Research | Atonement |
| 26:12 | Create | Battering Ram |
| 26:21 | Build | Farm |
| 26:39 | Create | Villager (Male) |
| 26:42 | Create | Villager (Male) |
| 26:54 | Create | Villager (Male) |
| 26:59 | Research | Gold Mining |
| 27:14 | Build | Monastery |
| 27:25 | Create | Kona |
| 27:27 | Create | Monk |
| 27:28 | Create | Villager (Male) |
| 27:29 | Create | Villager (Male) |
| 27:36 | Build | Town Center |
| 27:37 | Create | Villager (Male) |
| 27:37 | Create | Villager (Male) |
| 27:37 | Create | Villager (Male) |
| 28:01 | Create | Kona |
| 28:01 | Create | Kona |
| 28:01 | Create | Kona |
| 28:16 | Create | Kona |
Match timeline
| 4:10 | Gil-galad · first_building Barracks |
| 6:53 | p4rtY3oY · wall_segment Palisade Wall x5 |
| 7:27 | Gil-galad · wall_segment Palisade Wall x5 |
| 7:35 | Gil-galad · wall_segment Palisade Wall x6 |
| 7:52 | Gil-galad · wall_segment Palisade Wall x7 |
| 7:54 | p4rtY3oY · wall_segment Palisade Wall x7 |
| 8:08 | p4rtY3oY · wall_segment Palisade Wall x1 |
| 8:12 | p4rtY3oY · wall_segment Palisade Wall x1 |
| 8:17 | p4rtY3oY · wall_segment Palisade Wall x1 |
| 8:25 | p4rtY3oY · wall_segment Palisade Wall x2 |
| 8:44 | Gil-galad · wall_segment Palisade Wall x3 |
| 8:53 | p4rtY3oY · wall_segment Palisade Wall x1 |
| 9:02 | Gil-galad · wall_segment Palisade Wall x6 |
| 9:21 | Gil-galad · wall_segment Palisade Wall x1 |
| 9:30 | Gil-galad · wall_segment Palisade Wall x5 |
| 9:47 | Gil-galad · wall_segment Palisade Wall x8 |
| 9:49 | Gil-galad · wall_segment Palisade Wall x4 |
| 10:03 | Gil-galad · wall_segment Palisade Wall x6 |
| 10:04 | Gil-galad · wall_segment Palisade Wall x1 |
| 11:01 | p4rtY3oY · age_up feudal |
| 11:07 | Gil-galad · wall_segment Palisade Wall x1 |
| 11:08 | Gil-galad · wall_segment Palisade Wall x1 |
| 11:09 | Gil-galad · wall_segment Palisade Wall x1 |
| 11:10 | Gil-galad · wall_segment Palisade Wall x1 |
| 12:18 | p4rtY3oY · first_market_sell 100 stone |
| 12:18 | Gil-galad · age_up feudal |
| 14:59 | p4rtY3oY · age_up castle |
| 15:01 | p4rtY3oY · first_building Castle |
| 16:53 | Gil-galad · first_market_buy 100 food |
| 17:45 | Gil-galad · first_building Stable |
| 18:08 | p4rtY3oY · first_market_buy 100 wood |
| 18:15 | Gil-galad · age_up castle |
| 18:25 | Gil-galad · first_building Monastery |
| 18:39 | p4rtY3oY · first_building Monastery |
| 19:57 | p4rtY3oY · first_building Siege Workshop |
| 20:05 | Gil-galad · wall_segment Palisade Wall x1 |
| 23:28 | Gil-galad · first_building Castle |
| 25:24 | p4rtY3oY · wall_segment Stone Wall x1 |
| 29:38 | Gil-galad · first_market_sell 500 wood |
| 31:31 | Gil-galad · wall_segment Palisade Wall x1 |
| 32:06 | Gil-galad · wall_segment Stone Wall x1 |
| 32:08 | Gil-galad · wall_segment Stone Wall x1 |
| 32:48 | Gil-galad · resign |
[ AI ANALYSIS · 1 CREDIT ]
What really happened in this match?
Wolo.gg analyzes every decision: build order, eco, micro, common mistakes by bracket. Personalized analysis on WhatsApp or Discord in 30 seconds.
Civ guide
Hindustanis
Perfil
Jugador #322559